 Dungeon Crawl Stone Soup version 0.31-a0-237-g2d982f9f85 (webtiles) character file.

Game seed: 13266411814615769918

46 qw the Shooter (level 3, 0/29 HPs)
             Began as a Minotaur Hexslinger on July 11, 2023.
             Slain by an orc wizard
             ... wielding a +0 dagger
              (3 damage)
             ... on level 3 of the Dungeon.
             The game lasted 00:00:32 (1555 turns).

qw the Shooter (Minotaur Hexslinger)                Turns: 1555, Time: 00:00:33

Health: 0/29       AC:  8    Str: 12    XL:     3   Next: 46%
Magic:  3/3        EV: 11    Int: 10    God:
Gold:   133        SH:  0    Dex: 14    Spells: 3/4 levels left

rFire   . . .        Y - +2 sling
rCold   . . .        (no shield)
rNeg    . . .        g - +0 ring mail
rPois   .            (helmet restricted)
rElec   .            (no cloak)
rCorr   .            h - +1 pair of gloves
SInv    .            f - +0 pair of boots
Will    +....        (no amulet)
Stlth   +            l - ring of willpower
HPRegen 0.24/turn    (no ring)
MPRegen 0.08/turn

%: no passive effects
@: no status effects
A: horns 2, retaliatory headbutt
a: no special abilities


You were on level 3 of the Dungeon.
You visited 1 branch of the dungeon, and saw 3 of its levels.

You collected 133 gold pieces.


Innate Abilities, Weirdness & Mutations

You have a pair of horns on your head.
You reflexively headbutt those who attack you in melee.


   Skills:
 - Level 2.0 Fighting
 + Level 3.8 Ranged Weapons
 - Level 1.0 Armour
 - Level 2.1 Dodging
 - Level 1.0 Spellcasting
 - Level 2.0 Hexes


You had 3 spell levels left.
You knew the following spells:

 Your Spells              Type           Power      Damage    Failure   Level
a - Slow                  Hex            16%        N/A       34%         1

Your spell library contained the following spells:

 Spells                   Type           Power      Damage    Failure   Level
 Inner Flame              Hex/Fire       2%         N/A       83%         3
 Portal Projectile        Hex/Tloc       4%         N/A       83%         3
 Cause Fear               Hex            2%         N/A       98%         4

Inventory:

Hand Weapons
 Y - a +2 sling (weapon)
Armour
 f - a +0 pair of boots (worn)
 g - a +0 ring mail (worn)
 h - a +1 pair of gloves (worn)
Jewellery
 l - a ring of willpower (left hand)
Scrolls
 a - 4 scrolls of identify
Potions
 b - 2 potions of curing {unknown}
 c - a potion of heal wounds {unknown}
 d - a potion of mutation
 i - a potion of haste

Dungeon Overview and Level Annotations

Branches:
Dungeon (3/15)

Altars:


Message History

The orc wizard is heavily wounded.
An orc comes into view. It is wielding a +0 short sword.
The orc priest calls upon Beogh to heal the orc wizard.
The orc wizard is healed somewhat.
You shoot a sling bullet. The sling bullet hits the orc wizard.
The orc wizard is heavily wounded.
You shoot a sling bullet.
The sling bullet closely misses the orc wizard.
The orc priest calls upon Beogh to heal the orc wizard.
The orc wizard is healed somewhat.
You shoot a sling bullet.
The sling bullet closely misses the orc wizard.
The orc priest calls upon Beogh to heal the orc wizard.
The orc wizard's wounds heal themselves!
The orc wizard hits you but does no damage.
You shoot a sling bullet.
The sling bullet closely misses the orc wizard.
The orc wizard barely misses you.
You shoot a sling bullet. The sling bullet hits the orc wizard.
The orc wizard is lightly wounded.
The orc wizard gestures wildly while chanting.
The orc wizard flickers and vanishes!
Deactivating autopickup; reactivate with Ctrl-A.
You shoot a sling bullet. The sling bullet hits the orc priest.
The orc priest is lightly wounded.
Something hits you but does no damage.
The orc priest invokes the aid of Beogh against you.
Beogh smites you!
The orc priest mumbles some strange prayers to Beogh against you.
Beogh smites you! Something hits you.
You shoot a sling bullet. The sling bullet hits the orc priest!
The orc priest is heavily wounded.
Something hits you but does no damage.
You shoot a sling bullet.
The sling bullet completely misses the orc priest.
Something hits you but does no damage.
You shoot a sling bullet. The sling bullet hits the orc priest!
The orc priest is almost dead.
Something hits you. x2
You die...

....# ....# ....##......
....#..##..## .####
..............
.....o#####.###.........
#o{@......?.........
########.##..#.#......
.............#.#..%...
#..............#..<...
.#####...####........
#.######..#..... #.#
##.....#.... ##.#
#..###.##### ##..###.##
#.#


You could see an orc priest and an orc.

Vanquished Creatures
  2 bats
  7 endoplasms
  3 goblins (D:1)
  9 hobgoblins
  2 jackals (D:3)
  4 kobolds
  A quokka (D:1)
  6 ball pythons
  3 frilled lizards (D:1)
  3 rats
40 creatures vanquished.

Notes
Turn   | Place    | Note
-------+----------+-------------------------------------------
     0 | D:1      | qw the Minotaur Hexslinger began the quest for the Orb.
     0 | D:1      | Reached XP level 1. HP: 16/16 MP: 1/1
     0 | D:1      | 0 ||| qw: Version: 0.3-a-52-g30416fa
     0 | D:1      | 0 ||| qw: Game counter: 5845
     0 | D:1      | 0 ||| qw: Melee chars always use a shield: true
     0 | D:1      | 0 ||| qw: God list: Okawaru
     0 | D:1      | 0 ||| qw: Allow faded altars: false
     0 | D:1      | 0 ||| qw: Do Orc after clearing Dungeon:15 true
     0 | D:1      | 0 ||| qw: Do second Lair branch before Depths: true
     0 | D:1      | 0 ||| qw: Lair rune preference: random
     0 | D:1      | 0 ||| qw: Goals: Normal
     0 | D:1      | 0 ||| PLANNING D:1-11
   196 | D:1      | Reached skill level 3 in Ranged Weapons
   196 | D:1      | Reached XP level 2. HP: 21/23 MP: 2/2
   586 | D:1      | Reached XP level 3. HP: 29/29 MP: 3/3
   778 | D:1      | 778 ||| UPGRADING to +0 ring mail.
   788 | D:1      | 788 ||| DROPPING +0 robe.
   789 | D:1      | 789 ||| UPGRADING to +0 pair of gloves.
   794 | D:1      | 794 ||| UPGRADING to ring of willpower.
   795 | D:1      | 795 ||| READING 4 scrolls labelled DASIQEU MIUR.
   796 | D:1      | 796 ||| READING scroll labelled MEKLEADORR.
   797 | D:1      | 797 ||| READING scroll labelled JAPRITHR QA HIC.
   802 | D:1      | 802 ||| DRINKING 2 pink potions.
   803 | D:1      | 803 ||| READING 3 scrolls of identify.
   803 | D:1      | 803 ||| IDENTIFYING glowing white potion
   804 | D:1      | 804 ||| READING 2 scrolls of identify.
   804 | D:1      | 804 ||| IDENTIFYING golden potion
   805 | D:1      | 805 ||| DROPPING scroll of poison.
   806 | D:1      | 806 ||| DROPPING potion of brilliance.
  1474 | D:2      | 1474 ||| UPGRADING to +0 pair of boots.
  1479 | D:2      | 1479 ||| READING scroll labelled DAHEYT XI POEBB.
  1480 | D:2      | 1480 ||| READING scroll labelled HONGIE ICLIU.
  1481 | D:2      | 1481 ||| READING scroll labelled WASOFO SAEDGH.
  1504 | D:3      | 1504 ||| READING scroll of enchant armour.
  1504 | D:3      | 1504 ||| ENCHANTING +0 pair of gloves.
  1526 | D:3      | Reached skill level 1 in Armour
  1552 | D:3      | HP: 4/29 [orc priest/divine providence (12)]
  1555 | D:3      | Slain by an orc wizard

Levels and vault maps discovered:
D:1:      dpeg_arrival_tiny_b, layout_loops_ring, serial_forest,
          infiniplex_forest_straight_2, infiniplex_forest_zigzag_1,
          infiniplex_forest_lined_room_, infiniplex_forest_lined_2,
          infiniplex_forest_corner_1, infiniplex_forest_fountain,
          infiniplex_forest_clump_long, minmay_misc_feat_nine_boxes,
          minmay_hexomino_u4
D:2:      layout_loops_ring
D:3:      layout_rooms, grunt_ashenzari_visionary
          [grunt_ashenzari_visionary_swamp, grunt_ashenzari_visionary_spider],
          uniq_crazy_yiuf_cottage, uniq_robin

Skill      XL: |  1  2  3 |
---------------+----------+-----
Ranged Weapons | 3 |  3.8
Fighting       | 2 |  2.0
Armour         | 1 |  1.0
Dodging        | |  2.1
Spellcasting   | |  1.0
Hexes          | |  2.0

Action                     || total
---------------------------++-------
   Fire: Sling             ||   112
    Use: Scroll            ||     9
         Potion            ||     1
 Armour: Ring mail         ||     6
  Dodge: Dodged            ||    16

Table legend:
 A = Non-vault XP
 B = Vault XP
 C = Vault XP percentage of total XP
 D = Non-vault monster count
 E = Vault monster count
 F = Vault count percentage of total count
                 A         B        C        D         E       F
            +---------+---------+-------+---------+---------+-------
      Total |      62 |       5 |   7.5 |      37 |       3 |   7.5
            +---------+---------+-------+---------+---------+-------
        D:1 |      37 |       5 |  11.9 |      23 |       3 |  11.5
        D:2 |      14 |       0 |   0.0 |       8 |       0 |   0.0
        D:3 |      11 |       0 |   0.0 |       6 |       0 |   0.0
            +---------+---------+-------+---------+---------+-------
